 Dungeon Crawl Stone Soup version 0.30-a0-586-g23e55c9e0a (webtiles) character file.

Game seed: 7056487436348569764

1 Juicyj the Vexing (level 1, -2/13 HPs)
             Began as a Vampire Enchanter on Jan 3, 2023.
             Slain by a quokka (4 damage)
             ... on level 1 of the Dungeon.
             The game lasted 00:00:13 (26 turns).

Juicyj the Vexing (Vampire Enchanter)                 Turns: 26, Time: 00:00:13

Health: -2/13      AC:  2    Str:  7    XL:     1   Next: 16%
Magic:  3/3        EV: 12    Int: 17    God:
Gold:   0          SH:  0    Dex: 14    Spells: 4/4 levels left

rFire   . . .      SeeInvis +    a - +1 dagger
rCold   . . .      Faith    .    (no shield)
rNeg    . . .      Spirit   .    b - +0 robe
rPois   .          Reflect  .    (no helmet)
rElec   .          Harm     .    (no cloak)
rCorr   .          Rampage  .    (no gloves)
Will    .....                    (no boots)
Stlth   +++                      (no amulet)
HPRegen 0.42/turn                (no ring)
MPRegen 0.08/turn                (no ring)

@: healing quickly, invisible
A: alive, fangs 3, see invisible, vampiric 1
a: Exsanguinate


You were on level 1 of the Dungeon.
You visited 1 branch of the dungeon, and saw 1 of its levels.

Inventory:

Hand Weapons
 a - a +1 dagger (weapon)
Armour
 b - a +0 robe (worn)
Potions
 c - a potion of invisibility


   Skills:
 + Level 1.1 Short Blades
 + Level 2.2 Dodging
 + Level 4.4 Stealth
 + Level 2.0 Spellcasting
 + Level 4.4 Hexes


You had 4 spell levels left.
You didn't know any spells.
Your spell library contained the following spells:

 Spells                   Type           Power      Damage    Failure   Level
 Confusing Touch          Hex            16%        N/A       10%         3
 Tukima's Dance           Hex            16%        N/A       10%         3
 Ensorcelled Hibernation  Hex/Ice        18%        N/A       12%         2
 Dazzling Flash           Conj/Hex       18%        N/A       24%         3


Dungeon Overview and Level Annotations

Branches:
Dungeon (1/15)

Altars:


Innate Abilities, Weirdness & Mutations

Your natural rate of healing is accelerated.
You have razor-sharp teeth.
You have supernaturally acute eyesight. (SInv)
You are afflicted with vampirism.


Message History

The quokka completely misses you.
You hit the quokka but do no damage. The quokka bites you.
You hit the quokka.
The quokka is lightly wounded.
The quokka closely misses you.
You closely miss the quokka. Your bite misses the quokka.
The quokka is lightly wounded.
The quokka barely misses you.
You closely miss the quokka.
The quokka is lightly wounded.
The quokka closely misses you. x2
You hit the quokka.
The quokka is moderately wounded.
The quokka bites you.
You barely miss the quokka.
The quokka is moderately wounded.
The quokka barely misses you.
You closely miss the quokka.
The quokka is moderately wounded.
The quokka bites you.
You are too injured to fight recklessly!
You are too injured to fight recklessly!
You closely miss the quokka.
The quokka is moderately wounded.
The quokka bites you.
* * * LOW HITPOINT WARNING * * *
The quokka barely misses you.
You closely miss the quokka. Your bite misses the quokka.
The quokka is lightly wounded.
The quokka barely misses you.
You closely miss the quokka.
The quokka is lightly wounded.
The quokka bites you.
* * * LOW HITPOINT WARNING * * *
You fade into invisibility!
The quokka barely misses you.
You hit the quokka.
The quokka is moderately wounded.
The quokka bites you.
You die...

..... ## #.... ... #.
#...# .... #.
#...####..... # #.
...#........ #.#.
....#..#.##
#...####..#.#....##
#..)..r@.#...#.....
.......#####.....#####
##......#...........#.
#....#..#....<....#..
#.#..#..#.........#..
# #....#...........#.
#...#####.....#####
.........#...#.....
.#####..#.#......


You could see a quokka (unable to see you).

Vanquished Creatures
  A goblin (D:1)
1 creature vanquished.

Notes
Turn   | Place    | Note
-------+----------+-------------------------------------------
     0 | D:1      | Juicyj the Vampire Enchanter began the quest for the Orb.
     0 | D:1      | Reached XP level 1. HP: 13/13 MP: 3/3
    26 | D:1      | Slain by a quokka

Illustrated notes

Levels and vault maps discovered:
D:1:      scummos_arrival_star, layout_basic

Action                   || total
-------------------------++-------
Melee: Dagger            ||    16
       Bite              ||     1
  Use: Potion            ||     1
Armor: Robe              ||     1
Dodge: Dodged            ||    12

Table legend: (Time is in decaauts)
 A = Elapsed time spent in this place.
 B = Non-inter-level travel time spent in this place.
 C = Inter-level travel time spent in this place.
 D = Time resting spent in this place.
 E = Time spent auto-exploring this place.
 F = Levels seen in this place.
 G = Mean time per level.
                   A        B        C        D        E       F      G
               +--------+--------+--------+--------+--------+-----+--------+
         Total |     25 |     25 |      0 |      0 |      2 |   1 |   25.0 |
       Dungeon |     25 |     25 |      0 |      0 |      2 |   1 |   25.0 |
               +--------+--------+--------+--------+--------+-----+--------+

Top non-repeatable levels by time:
     D:1: 25 daAuts
